 Dungeon Crawl Stone Soup version 0.21.1-1-g345015f (webtiles) character file.

53 shakethe the Firebug (level 3, 0/24 HPs)
             Began as a Demonspawn Fire Elementalist on Feb 19, 2018.
             Slain by a jackal (1 damage)
             ... on level 2 of the Dungeon.
             The game lasted 00:03:35 (1480 turns).

shakethe the Firebug (Demonspawn Fire Elementalist) Turns: 1480, Time: 00:03:36

Health: 0/24       AC:  3    Str:  8    XL:     3   Next: 64%
Magic:  0/6        EV: 12    Int: 17    God:
Gold:   26         SH:  0    Dex: 13    Spells: 2/6 levels left

rFire    . . .     SeeInvis .   d - +0 whip
rCold    . . .     Gourm    .   (no shield)
rNeg     . . .     Faith    .   a - +0 robe
rPois    .         Spirit   .   (helmet restricted)
rElec    .         Reflect  .   (no cloak)
rCorr    .         Harm     .   (no gloves)
MR       .....                  g - +0 pair of boots
Stlth    ++........             (no amulet)
HPRegen  0.08/turn              (no ring)
MPRegen  0.10/turn              (no ring)

@: very slightly contaminated
A: antennae 1
a: no special abilities


You were on level 2 of the Dungeon.
You were hungry.

You visited 1 branch of the dungeon, and saw 2 of its levels.

You collected 26 gold pieces.

Inventory:

Hand Weapons
 d - a +0 whip (weapon)
   (You found it on level 1 of the Dungeon)
Armour
 a - a +0 robe (worn)
 g - a +0 pair of boots (worn)
   (You found it on level 1 of the Dungeon)
Scrolls
 f - a scroll of identify
 l - a scroll of enchant armour {unknown}
 m - a scroll of remove curse {unknown}
 n - a scroll of magic mapping {unknown}
 o - a scroll of fear {unknown}
 p - a scroll of amnesia {unknown}
 q - a scroll of enchant weapon {unknown}
 s - a scroll of random uselessness {unknown}
Potions
 e - a potion of agility {unknown}
 h - a potion of heal wounds {unknown}
 i - a potion of resistance {unknown}
 j - a potion of brilliance {unknown}
 k - a potion of invisibility {unknown}
Books
 b - a book of Flames
Comestibles
 c - 4 rations
 r - 3 chunks of flesh {@w0@w0}


   Skills:
 - Level 1.7 Dodging
 - Level 1.7 Stealth
 - Level 2.0 Spellcasting
 + Level 2.6 Conjurations
 + Level 3.5 Fire Magic


You had 2 spell levels left.
You knew the following spells:

 Your Spells              Type           Power        Failure   Level  Hunger
a - Flame Tongue          Conj/Fire      ##...        5%          1    #......
c - Conjure Flame         Conj/Fire      ##......     16%         3    ###....


Dungeon Overview and Level Annotations

Branches:
Dungeon (2/15)

Altars:


Innate Abilities, Weirdness & Mutations

You have a pair of small antennae on your head.


Message History

Aim: a jackal The flame tongue misses the jackal.
The jackal barks! x2
You now have 5/6 mp.
Aim: a jackal The flame tongue hits the jackal.
The jackal closely misses you.
You now have 4/6 mp.
Aim: a jackal (heavily wounded)
The flame tongue hits the hobgoblin.
The hobgoblin appears unharmed.
The jackal barks!
The hobgoblin barely misses you.
You now have 3/6 mp.
You hit the hobgoblin. The hobgoblin barely misses you.
You hit the hobgoblin. The hobgoblin closely misses you.
You hit the hobgoblin.
You kill the hobgoblin!
Aim: a jackal (heavily wounded)
The flame tongue hits the jackal.
You now have 2/6 mp.
You barely miss the jackal. The jackal barely misses you. x2
The jackal misses you.
You hit the jackal. The jackal bites you. The jackal barely misses you.
You take 3 damage, and have 21/24 hp.
You hit the jackal.
You kill the jackal!
The jackal bites you but does no damage.
The jackal bites you.
You take 3 damage, and have 18/24 hp.
You miss the jackal. The jackal closely misses you.
You hit the jackal but do no damage. The jackal barely misses you.
You barely miss the jackal. The jackal closely misses you.
The jackal barely misses you. The jackal misses you. The jackal bites you.
You take 1 damage, and have 17/24 hp.
The jackal closely misses you. The jackal bites you.
The jackal closely misses you. The jackal bites you.
You take 2 damage, and have 15/24 hp.
The jackal closely misses you.
The jackal bites you but does no damage.
Some of the chunks of flesh in your inventory have rotted away.
You completely miss the jackal. The jackal bites you.
Aim: a jackal The flame tongue hits the jackal.
The jackal appears unharmed.
The jackal misses you. x2
The jackal bites you but does no damage.
You now have 3/6 mp.
Unknown command.
The jackal closely misses you. The jackal bites you.
The jackal bites you but does no damage.
The jackal closely misses you.
You take 2 damage, and have 13/24 hp.
The jackal misses you. The jackal barely misses you. x2
The jackal closely misses you.
The jackal bites you but does no damage.
The jackal misses you.
Aim: a jackal The flame tongue misses the jackal.
The jackal closely misses you.
The jackal bites you but does no damage.
You now have 2/6 mp.
You miss the jackal.
The jackal bites you but does no damage. x2
The jackal bites you. The jackal completely misses you.
The jackal barely misses you.
You take 3 damage, and have 10/24 hp.
Aim: a jackal The flame tongue hits the jackal.
The jackal appears unharmed.
The jackal barely misses you.
The jackal bites you but does no damage.
The jackal barely misses you. The jackal closely misses you.
Aim: a jackal You miscast Flame Tongue.
You are very lightly contaminated with residual magic.
Sparks fly from your hands! The jackal closely misses you.
The jackal barely misses you. The jackal bites you. x2
* * * LOW HITPOINT WARNING * * *
You take 4 damage, and have 6/24 hp.
You now have 1/6 mp.
Aim: a jackal The flame tongue hits the jackal.
You are feeling hungry.
The jackal bites you.
* * * LOW HITPOINT WARNING * * *
The jackal closely misses you.
The jackal bites you but does no damage.
The jackal barely misses you.
You now have 0/6 mp.
You don't have enough magic to cast that spell.
You hit the jackal.
You kill the jackal!
The jackal bites you.
* * * LOW HITPOINT WARNING * * *
The jackal bites you.
* * * LOW HITPOINT WARNING * * *
The jackal closely misses you.
You take 3 damage, and have 3/24 hp.
The jackal misses you. The jackal closely misses you. The jackal bites you.
* * * LOW HITPOINT WARNING * * *
You take 2 damage, and have 1/24 hp.
The jackal misses you. The jackal bites you.
You die...

#..........#
#..........##
###...........#
...........#.#
##.##........#
.#...#.##.##..#
.......#†..#..#
#.....)....hh#
##.##.#...#.@#
...#..##..#
..#.........#
#.. #.##.##...#
.. ... ...#..##
# .#........#
##.#...#..#
##.##..


You could see 2 jackals.

Vanquished Creatures
  2 adders (D:2)
  A dart slug (D:1)
  7 bats
  A giant cockroach (D:2)
  7 goblins
  2 hobgoblins (D:2)
  2 jackals (D:2)
  3 kobolds
  3 quokkas (D:2)
  3 frilled lizards
  A rat (D:2)
32 creatures vanquished.

Notes
Turn   | Place    | Note
-------+----------+-------------------------------------------
     0 | D:1      | shakethe the Demonspawn Fire Elementalist began the quest for the Orb.
     0 | D:1      | Reached XP level 1. HP: 13/13 MP: 3/3
   305 | D:1      | Reached skill level 3 in Fire Magic
   331 | D:1      | Gained mutation: You have a pair of small antennae on your head. [demonic ancestry]
   331 | D:1      | Reached XP level 2. HP: 14/19 MP: 3/5
   874 | D:2      | Reached skill level 2 in Conjurations
  1122 | D:2      | Reached XP level 3. HP: 10/24 MP: 3/6
  1355 | D:2      | Learned a level 3 spell: Conjure Flame
  1472 | D:2      | HP: 6/24 [jackal (2)]
  1477 | D:2      | HP: 1/24 [jackal (2)]
  1480 | D:2      | Slain by a jackal

Skill      XL: |  1  2 |
---------------+-------+-----
Fire Magic     | 3 |  3.5
Conjurations   | 2 |  2.6
Dodging        | |  1.7
Stealth        | |  1.7
Spellcasting   | |  2.0

Action                   || total
-------------------------++-------
Melee: Whip              ||    38
 Cast: Flame Tongue      ||    47
  Use: Scroll            ||     1
  Eat: Chunk             ||     2
Armor: Robe              ||    19
Dodge: Dodged            ||    76

Vault maps used:
D:1:      saegor_arrival_simple_a, minmay_pentomino_z4
D:2:      hangedman_decor_clover_reticule, uniq_natasha

Table legend:
 A = Turns spent in this place as a percentage of turns spent in the entire game.
 B = Non-inter-level travel turns spent in this place as a percentage of non-inter-level travel turns spent in the entire game.
 C = Inter-level travel turns spent in this place as a percentage of turns spent in this place.
 D = Turns resting spent in this place as a percentage of non-inter-level travel turns spent in this place.
 E = Turns spent auto-exploring this place as a percentage of non-inter-level travel turns spent in this place.
 F = Non-inter-level travel turns spent in this place divided by the number of levels of this place that you've seen.
                   A       B       C       D       E      F
               +-------+-------+-------+-------+-------+----------------------
         Total | 100.0 | 100.0 |   0.0 |  25.3 |  50.7 | 740.0
       Dungeon | 100.0 | 100.0 |   0.0 |  25.3 |  50.7 | 740.0
               +-------+-------+-------+-------+-------+----------------------

Table legend:
 A = Kills in this place as a percentage of kills in entire the game.
 B = Kills by you in this place as a percentage of kills by you in the entire game.
 C = Kills by friends in this place as a percentage of kills by friends in the entire game.
 D = Other kills in this place as a percentage of other kills in the entire game.
 E = Experience gained in this place as a percentage of experience gained in the entire game.
 F = Experience gained in this place divided by the number of levels of this place that you have seen.
                   A       B       C       D       E      F
               +-------+-------+-------+-------+-------+----------------------
         Total | 100.0 | 100.0 |   N/A |   N/A | 100.0 |  38.5
       Dungeon | 100.0 | 100.0 |   N/A |   N/A | 100.0 |  38.5
               +-------+-------+-------+-------+-------+----------------------
